AoeStats
← Nao do Conta de Trabaia

Arabia

506980923Analyzed
2v2 RM · 16d ago on Sep 16, 2026· 25m 23s· 4 players
Game mode
Random Map
Map size
Medium (4 player)
Population
200
Speed
Normal
Resources
Standard
Victory
Conquest
Starting age
Dark Age
Ending age
Imperial Age
RankedLock teamsTeams togetherTeam positionsShared explorationLock speedFull tech treeHidden civsTurbo modeCheats
Victory
Defeat
🇺🇸 Britons · United States
1257
+16
🇨🇴 Mapuche · Colombia
1193
+18
🇨🇴 Poles · Colombia
1263
-18
1228
-16
VZ | TheeChosen
6:35 Loom
10:04 Feudal Age
12:05 Double-Bit Axe
13:01 Fletching
18:37 Padded Archer Armor
26:20 Wheelbarrow
yaggcris
3:29 Loom
11:19 Feudal Age
11:55 Double-Bit Axe
12:54 Horse Collar
21:20 Castle Age
19:40 Gold Mining
20:31 Stone Mining
20:49 Fletching
21:14 Padded Archer Armor
23:08 Wheelbarrow
24:12 Bodkin Arrow
Patroclo
5:09 Loom
9:51 Feudal Age
10:22 Town Watch
10:23 Double-Bit Axe
15:25 Bloodlines
16:43 Forging
16:38 Scale Barding Armor
19:33 Wheelbarrow
21:57 Castle Age
20:43 Stone Mining
23:40 Hand Cart
24:02 Husbandry
23:25 Light Cavalry
Nao do Conta de Trabaia
7:52 Loom
9:54 Feudal Age
14:40 Castle Age
13:32 Scale Mail Armor
Connection lost

Rejoining the realm…

Still unreachable

The connection could not be restored.

Session expired

The server has moved on; the page needs a fresh start.